Map: Eternal Empire LE

Players

ToIsengard - Winner!

  • Race: Protoss Protoss
  • League: Grandmaster
  • Spawn Location: 1:00

llllllllllll

  • Race: Zerg Zerg
  • League: Master
  • Spawn Location: 7:00

VOD

Have the link to the VOD?

Description

Time

  • Played on: July 27, 2020, 7:58 a.m.
  • Length: 14:54
Show
View Real Time Build Order
Export as new Build Order

ToIsengard Protoss - Winner!

Build Orders: 1 Gate Expand, Oracle Opening, Zealot Archon, Archon Drop 

Get SALT Encoding   

  12  0:01  Probe  
  13  0:13  Probe  
  14  0:20  Pylon  
  14  0:24  Probe  
  15  0:34  Probe  
  15  0:39  Gateway  
  15  0:42  Probe  
  16  0:48  Assimilator  
  17  0:54  Probe  
  18  1:06  Probe  
  19  1:18  Probe  
  20  1:25  Nexus  
  20  1:33  Cybernetics Core  
  20  1:36  Probe  
  21  1:43  Assimilator  
  21  1:48  Probe  
  21  1:51  Pylon  
  22  2:00  Probe, Adept  
  23  2:12  Probe  
  26  2:16  Stargate  
  26  2:21  Probe  
  26  2:26  Warp Gate  
  27  2:30  Probe, Adept  
  27  2:34  Probe  
  30  2:38  Probe  
  30  2:42  Probe  
  32  2:50  Probe  
  34  2:52  Oracle, Probe  
  35  3:03  Probe  
  35  3:04  Probe  
  40  3:08  Pylon  
  40  3:15  Probe, Gateway  
  40  3:16  Probe  
  42  3:20  Oracle  
  42  3:24  Adept  
  44  3:27  Probe  
  44  3:28  Probe  
  49  3:39  Probe  
  49  3:40  Probe  
  51  3:50  Nexus, Pylon  
  51  3:54  Nexus  
  51  3:56  Probe  
  51  3:57  Probe  
  53  4:06  Assimilator  
  53  4:08  Probe  
  53  4:09  Probe  
  55  4:10  Assimilator  
  55  4:11  Robotics Facility  
  55  4:16  Pylon  
  55  4:20  Probe  
  56  4:25  Probe, Forge  
  56  4:26  Twilight Council  
  57  4:32  Probe  
  57  4:33  Probe, Sentry  
  57  4:34  Zealot  
  63  4:40  Pylon  
  63  4:44  Probe  
  63  4:45  Probe  
  64  4:47  Protoss Ground Weapons Level 1  
  64  4:50  Gateway  
  64  4:51  Gateway  
  65  4:56  Probe  
  65  4:57  Probe  
  67  5:05  Probe  
  67  5:06  Probe, Observer  
  66  5:07  Charge  
  66  5:08  Probe  
  66  5:13  Probe  
  69  5:14  Probe  
  69  5:15  Templar Archives  
  69  5:20  Assimilator  
  69  5:21  Probe  
  72  5:23  Probe  
  72  5:24  Probe  
  72  5:25  Assimilator  
  74  5:32  Gateway  
  74  5:34  Probe, Gateway  
  75  5:38  Probe  
  75  5:39  Gateway  
  75  5:40  Probe  
  77  5:46  Gateway  
  77  5:48  Probe  
  77  5:49  Gateway  
  78  5:52  Gateway  
  78  5:54  Warp Prism  
  78  5:58  Probe  
  78  5:59  Pylon  
  78  6:00  Probe, High Templar  
  78  6:01  High Templar  
  85  6:07  Pylon  
  85  6:08  Probe, Archon  
  87  6:13  High Templar  
  87  6:14  High Templar  
  87  6:15  Shield Battery  
  90  6:19  Archon  
  90  6:23  Probe, Pylon  
  90  6:25  Protoss Ground Weapons Level 2  
  91  6:28  High Templar x2  
  95  6:33  Archon, Zealot  
  95  6:36  Pylon  
  97  6:40  Nexus  
  97  6:41  Pylon  
  97  6:44  High Templar x2  
  97  6:45  Zealot x2  
  97  6:46  Pylon  
  105  6:48  Probe, Archon  
  105  6:49  Zealot x2  
  105  6:52  Zealot  
  112  6:59  Zealot  
  113  7:01  Zealot x2  
  113  7:05  Probe  
  113  7:06  Zealot  
  118  7:11  Zealot x3  
  124  7:18  Zealot x3  
  121  7:23  Probe  
  121  7:24  Probe  
  121  7:26  Probe  
  122  7:35  Probe  
  122  7:36  Probe  
  124  7:37  High Templar x3  
  124  7:38  Probe  
  124  7:39  Unknown  
  124  7:42  High Templar  
  133  7:45  Shield Battery  
  133  7:47  Probe, Photon Cannon  
  133  7:48  Immortal  
  133  7:49  Probe  
  133  7:50  Zealot x3  
  141  7:52  Psionic Storm  
  141  7:54  Probe  
  146  8:02  Probe  
  146  8:03  Pylon  
  147  8:07  Probe  
  147  8:12  High Templar  
  147  8:13  High Templar  
  147  8:14  Probe  
  147  8:16  Zealot x3  
  147  8:19  Probe, Archon  
  155  8:25  Probe  
  156  8:27  Pylon  
  156  8:33  High Templar x2  
  160  8:36  Probe  
  160  8:37  Gateway  
  160  8:39  Gateway  
  160  8:41  Protoss Ground Weapons Level 3, Observer, Gateway  
  161  8:42  Photon Cannon  
  161  8:43  Archon  
  161  8:46  High Templar x2  
  160  8:53  Probe  
  160  8:54  Probe  
  160  8:55  Photon Cannon  
  162  8:58  Pylon  
  162  9:00  High Templar  
  162  9:01  High Templar, Pylon  
  162  9:02  Zealot x4  
  168  9:03  Pylon  
  168  9:07  Archon, Pylon  
  166  9:14  Immortal  
  153  9:20  Zealot x4  
  153  9:23  Probe, Zealot x2  
  153  9:24  Zealot x2  
  162  9:36  High Templar x4  
  162  9:38  Zealot  
  162  9:47  Zealot x8  
  162  9:49  Immortal  
  162  10:08  Zealot x11  
  184  10:23  Archon, Immortal  
  117  10:35  Zealot x4  
  117  10:36  Zealot x9  
  123  10:51  Photon Cannon  
  123  10:56  High Templar x5  
  123  10:57  High Templar, Immortal  
  135  10:58  Zealot x3  
  135  10:59  High Templar x3  
  135  11:00  High Templar  
  152  11:04  Archon x2  
  152  11:05  Archon  
  152  11:07  Archon  
  152  11:09  Probe  
  139  11:11  Archon  
  139  11:13  Probe  
  139  11:16  Probe  
  116  11:21  Zealot x3  
  116  11:25  Protoss Shields Level 1  
  114  11:27  Nexus, Pylon  
  114  11:28  Probe x2  
  114  11:31  High Templar  
  114  11:32  High Templar x2  
  122  11:33  Zealot  
  122  11:38  Zealot x3  
  122  11:39  Unknown  
  130  11:48  Warp Prism  
  130  11:51  High Templar x2  
  134  11:59  Nexus  
  136  12:08  Nexus  
  136  12:11  High Templar x2  
  136  12:12  Zealot x3  
  146  12:16  Archon  
  146  12:17  Photon Cannon  
  146  12:19  Observer  
  146  12:20  Zealot  
  145  12:35  High Templar x2  
  149  12:38  Photon Cannon  
  149  12:43  Shield Battery, Probe  
  150  12:44  Probe  
  149  12:51  Zealot x6  
  149  12:56  Archon  
  161  13:00  Zealot x4  
  161  13:01  Zealot  
  149  13:33  Probe x5  
  138  13:35  Pylon  
  138  13:39  Assimilator, High Templar  
  138  13:40  High Templar x4  
  138  13:41  High Templar  
  150  13:43  Assimilator  
  150  13:45  Archon x3, Zealot  
  150  13:46  Zealot x6  
  162  13:50  Probe  
  163  13:58  Photon Cannon  
  163  14:01  Pylon  
  163  14:02  Pylon  
  163  14:06  Shield Battery  
  159  14:10  Zealot x5  
  161  14:18  Archon  
  161  14:23  Zealot x6  
  155  14:27  Zealot x2  
  155  14:29  Probe  
  155  14:30  Pylon  
  152  14:33  High Templar x4  
  152  14:34  High Templar  
  152  14:38  Archon x2  
  164  14:45  High Templar x3  
  166  14:46  High Templar x2  
  166  14:50  Archon  
  166  14:51  Archon  
Show
View Real Time Build Order
Export as new Build Order

llllllllllll Zerg 

Build Orders: Hatch First 

Get SALT Encoding   

  12  0:01  Drone  
  13  0:13  Overlord  
  13  0:17  Drone  
  14  0:32  Drone x2  
  16  0:48  Hatchery  
  15  0:51  Drone  
  15  0:55  Drone  
  17  0:58  Drone  
  18  1:10  Extractor  
  17  1:14  Spawning Pool  
  17  1:16  Drone  
  17  1:20  Drone  
  18  1:28  Drone  
  19  1:41  Drone  
  20  1:50  Overlord  
  20  2:00  Queen x2  
  24  2:03  Zergling x4  
  26  2:11  Drone x2  
  28  2:17  Metabolic Boost  
  28  2:25  Drone x2  
  30  2:35  Hatchery  
  29  2:40  Drone x2  
  31  2:48  Overlord  
  31  2:51  Drone  
  32  2:59  Zergling x2  
  32  3:00  Drone  
  32  3:04  Drone  
  35  3:06  Queen  
  35  3:08  Queen  
  35  3:12  Drone x2  
  41  3:18  Overlord  
  41  3:20  Drone  
  43  3:27  Drone x2  
  43  3:30  Spore Crawler  
  43  3:31  Drone  
  44  3:35  Spore Crawler  
  44  3:37  Zergling x4  
  44  3:40  Drone x2  
  47  3:44  Drone  
  47  3:45  Drone x2  
  47  3:47  Drone  
  47  3:48  Drone  
  51  3:56  Queen  
  51  3:58  Drone x2  
  55  4:02  Overlord  
  55  4:03  Spore Crawler  
  55  4:05  Drone  
  55  4:09  Zergling x2  
  57  4:10  Zergling x2  
  57  4:21  Overlord  
  56  4:25  Drone x8  
  56  4:28  Overlord  
  64  4:34  Overlord  
  64  4:35  Lair  
  64  4:36  Extractor  
  63  4:38  Evolution Chamber, Drone  
  63  4:41  Drone x2  
  65  4:46  Drone x2  
  65  4:47  Drone x3  
  70  4:52  Queen  
  70  4:54  Drone  
  70  4:56  Drone x2  
  74  5:02  Drone x3  
  74  5:05  Drone x2  
  75  5:09  Zergling x4  
  75  5:10  Drone x2  
  75  5:13  Drone x2  
  81  5:15  Zerg Melee Weapons Level 1  
  81  5:18  Baneling Nest  
  81  5:20  Extractor, Drone  
  81  5:21  Extractor  
  79  5:24  Extractor, Drone x2  
  79  5:25  Extractor  
  80  5:28  Drone  
  80  5:33  Overlord  
  80  5:34  Overlord  
  80  5:35  Overseer  
  80  5:39  Drone x2  
  80  5:41  Overlord  
  80  5:42  Hydralisk Den, Drone x5  
  86  5:49  Hatchery  
  83  5:58  Overlord  
  83  5:59  Overlord  
  83  6:03  Overlord  
  83  6:06  Overlord x2  
  83  6:07  Centrifical Hooks  
  83  6:12  Hydralisk  
  83  6:13  Hydralisk, Muscular Augments  
  83  6:15  Hydralisk  
  83  6:17  Hydralisk  
  83  6:18  Hydralisk  
  91  6:23  Hydralisk x2  
  97  6:26  Hydralisk  
  99  6:33  Hydralisk x3, Zergling x2  
  106  6:44  Hydralisk x4  
  114  6:49  Hydralisk  
  114  6:50  Zergling x8  
  120  6:55  Hydralisk  
  120  6:56  Zergling x8  
  126  7:02  Zergling x4  
  126  7:03  Baneling x2  
  126  7:05  Hydralisk, Zergling x2  
  129  7:11  Hydralisk  
  129  7:12  Hydralisk x2, Zergling x6  
  129  7:14  Hydralisk  
  138  7:22  Zergling x14  
  133  7:26  Zergling x4  
  133  7:29  Baneling x7  
  134  7:32  Zerg Melee Weapons Level 2  
  134  7:35  Drone x2  
  136  7:42  Drone x2  
  138  7:45  Grooved Spines  
  138  7:50  Baneling  
  138  7:51  Baneling x8  
  138  7:53  Zergling x8  
  138  7:56  Overseer  
  142  7:59  Zergling x4  
  142  8:00  Zergling x4  
  142  8:05  Zergling x6  
  149  8:08  Unknown, Spore Crawler  
  149  8:11  Overlord  
  146  8:15  Hydralisk, Zergling x6  
  146  8:16  Overlord  
  146  8:18  Overlord  
  150  8:22  Overlord  
  150  8:27  Hydralisk x2  
  150  8:28  Hydralisk, Zergling x6  
  150  8:33  Zergling x12  
  165  8:37  Baneling x8  
  165  8:40  Zergling x4  
  165  8:46  Zergling x12  
  170  8:50  Baneling  
  170  8:51  Baneling x8  
  170  8:55  Zergling x8  
  173  9:04  Zergling x16  
  170  9:17  Hydralisk x2  
  170  9:20  Hydralisk x6  
  160  9:27  Zergling x12  
  160  9:28  Baneling x3  
  160  9:29  Baneling x2  
  160  9:30  Baneling x2  
  160  9:31  Baneling  
  157  9:44  Overlord  
  157  9:47  Zergling x12  
  159  9:57  Zergling x2  
  159  9:58  Zergling x20  
  162  10:00  Baneling x15  
  165  10:07  Zergling x6  
  165  10:14  Baneling x15  
  165  10:17  Zergling x6  
  165  10:18  Zergling x6  
  171  10:23  Hydralisk  
  161  10:29  Hydralisk x4  
  149  10:36  Zergling x6  
  149  10:40  Zergling x2  
  150  10:43  Hydralisk  
  150  10:44  Hydralisk  
  150  10:48  Hydralisk x4  
  150  10:49  Zergling x4  
  160  10:53  Zergling x8  
  160  10:54  Baneling x3  
  160  10:55  Baneling x2  
  160  10:56  Baneling  
  160  10:57  Baneling x2  
  164  11:03  Zergling x12  
  170  11:09  Zergling x2  
  158  11:15  Zergling x6  
  142  11:22  Drone x11  
  146  11:31  Queen  
  148  11:35  Zergling x12  
  148  11:38  Zerg Missile Weapons Level 1  
  154  11:42  Baneling x6  
  154  11:48  Baneling x4  
  154  11:49  Overseer  
  154  11:55  Baneling x14  
  154  12:04  Zergling x16  
  160  12:16  Zergling x18  
  169  12:22  Overlord  
  169  12:24  Overlord x4  
  169  12:33  Baneling x16  
  169  12:34  Overlord  
  168  12:45  Hydralisk  
  168  12:46  Zergling x12  
  174  12:55  Baneling x9  
  174  13:00  Hydralisk x3, Zergling x6  
  182  13:13  Zergling x16  
  182  13:17  Zergling x2  
  183  13:24  Hydralisk  
  166  13:27  Hydralisk x2  
  166  13:32  Hydralisk x3  
  170  13:38  Zergling x8  
  174  13:45  Zergling x12  
  179  13:56  Baneling  
  179  13:57  Baneling x14  
  175  14:03  Hatchery  
  175  14:08  Zergling x16  
  155  14:18  Hydralisk  
  155  14:22  Hydralisk  
  155  14:23  Hydralisk  
  118  14:25  Hydralisk x3  
  118  14:26  Hydralisk  
  118  14:28  Hydralisk  
  118  14:29  Hydralisk x6  
  123  14:33  Zergling x2  
Tags
 
Add a new tag
Caveats
  • Supply blocks, unpowered buildings, or Contaminate may cause inaccurate times.
  • Supply counts are checked every 10 seconds.